 Dungeon Crawl Stone Soup version 0.31-a0-4-gefa6de2278 (webtiles) character file.

Game seed: 16232820515857884554

47 a3don the Shield-Bearer (level 3, -1/30 HPs)
             Began as a Formicid Fighter on May 4, 2023.
             Slain by an orc priest
             ... wielding a +0 trident
              (2 damage)
             ... on level 2 of the Dungeon.
             The game lasted 00:02:42 (1311 turns).

a3don the Shield-Bearer (Formicid Fighter)          Turns: 1311, Time: 00:02:44

Health: -1/30      AC:  7    Str: 20    XL:     3   Next: 97%
Magic:  3/3        EV:  9    Int: 15    God:
Gold:   97         SH:  5    Dex: 13    Spells: 2/2 levels left

rFire   . . .        a - +0 war axe
rCold   . . .        c - +0 buckler
rNeg    . . .        b - +0 scale mail
rPois   .            (helmet unavailable)
rElec   .            (no cloak)
rCorr   .            (no gloves)
SInv    +            (no boots)
Will    .....        (no amulet) Stlth
                     e - +6 ring of intelligence
HPRegen 0.25/turn    (no ring)
MPRegen 0.08/turn

%: no passive effects
@: no status effects
A: permanent stasis, dig shafts and tunnels, antennae 3, four strong arms
a: Dig, Shaft Self


You were on level 2 of the Dungeon.
You visited 1 branch of the dungeon, and saw 2 of its levels.

You collected 119 gold pieces.
You spent 22 gold pieces at shops.

Inventory:

Hand Weapons
 a - a +0 war axe (weapon)
 j - a +0 arbalest
Missiles
 i - 25 stones (quivered)
 n - 6 boomerangs
 q - 3 poisoned darts
Armour
 b - a +0 scale mail (worn)
 c - a +0 buckler (worn)
Magical Staves
 m - a staff of earth
Jewellery
 e - a +6 ring of intelligence (left hand)
Scrolls
 g - 2 scrolls of identify
 o - a scroll of magic mapping {unknown}
Potions
 d - a potion of might
 f - a potion of flight {unknown}
 h - 2 potions of mutation {unknown}
 k - a potion of heal wounds {unknown}
 l - 2 potions of curing {unknown}
 p - a potion of brilliance {unknown}


   Skills:
 + Level 3.7 Fighting
 + Level 2.6 Axes
 + Level 3.8 Armour
 + Level 4.5 Shields


You had 2 spell levels left.
You didn't know any spells.
Your spell library contained the following spells:

 Spells                   Type           Power      Damage    Failure   Level
 Foxfire                  Conj/Fire      0%         2x1d4     67%         1
 Shock                    Conj/Air       0%         1d3       67%         1
 Ignite Poison            Fire/Tmut/Pois 0%         N/A       95%         3
 Airstrike                Air            0%         2d(0-16)  100%        4
 Sticky Flame             Conj/Fire      0%         2d3       100%        4
 Fireball                 Conj/Fire      0%         3d3       100%        5
 Plasma Beam              Fire/Air       0%         2x1d11    100%        6
 Starburst                Conj/Fire      0%         6d3       100%        6
 Ignition                 Fire           0%         3d3       100%        8
 Swiftness                Air            Unusable   N/A       N/A         3

Dungeon Overview and Level Annotations

Branches:
Dungeon (2/15)

Altars:

Shops:
D:2 :?


Innate Abilities, Weirdness & Mutations

You cannot be hasted, slowed, berserked, paralysed or teleported.
You can dig through walls and to a lower floor.
You have a pair of large antennae on your head. (SInv)
Your four strong arms can wield two-handed weapons with a shield.


Message History

An orc comes into view. It is wielding a +0 flail.
The orc shouts!
You hear a shout!
An orc is nearby!
No reachable target in view!
No reachable target in view!
An orc is nearby!
(D) Dungeon
Where to? (Enter - D:2 @ (x,y), ? - help)
An orc is nearby!
(D) Dungeon
Where to? (Enter - D:3, ? - help)
An orc is nearby!
An orc priest and an orc wizard come into view.
The orc priest shouts!
The orc wizard shouts!
You hear a shout!
An orc priest comes into view. It is wielding a +0 short sword.
An orc comes into view. It is wielding a +0 flail.
The orc wizard moves out of view.
Found 6 gold pieces.
Found a stone staircase leading down.
p - a grey potion
Found 3 poisoned darts.
The orc priest shouts!
You see here 3 poisoned darts.
q - 3 poisoned darts
Found a potion of might.
You start waiting.
An orc priest is nearby!
You don't know any spells.
The orc priest hits you but does no damage.
You closely miss the orc priest.
The orc priest calls down the wrath of Beogh upon you.
Beogh smites you!
The orc priest hits you from afar with a +0 trident.
You slash the orc priest!
The orc priest is almost dead.
The orc priest invokes the aid of Beogh against you.
Beogh smites you!
* * * LOW HITPOINT WARNING * * *
The orc priest hits you from afar with a +0 trident.
You die...

#..#{{.....{.o.###.#
#..#{{......{......#
#..#o....{......####
###..##..~...~..#.#
#....# #........#.#
..##..# #######.#.#
#####...........#o#
...#......##o#
...+.......@.#
...#...!..####
..#...... ##..
.#...... ....
####### ##..


You could see 2 orc priests.

Vanquished Creatures
  A worm (D:2)
  A dart slug (D:2)
  2 ball pythons
  3 endoplasms
  A giant cockroach (D:2)
  9 goblins
  4 hobgoblins
  7 bats
  2 frilled lizards (D:2)
  4 kobolds
  6 rats
40 creatures vanquished.

Vanquished Creatures (others)
  19 plants (D:1)
19 creatures vanquished.

Grand Total: 59 creatures vanquished

Notes
Turn   | Place    | Note
-------+----------+-------------------------------------------
     0 | D:1      | a3don the Formicid Fighter began the quest for the Orb.
     0 | D:1      | Reached XP level 1. HP: 18/18 MP: 1/1
    37 | D:1      | Reached XP level 2. HP: 18/24 MP: 2/2
   489 | D:1      | Reached XP level 3. HP: 28/29 MP: 3/3
   900 | D:2      | Found Jiettiona's Magic Scroll Boutique.
   907 | D:2      | Found Ejaif's Book Shop.
   910 | D:2      | Bought a scroll of identify for 22 gold pieces
  1311 | D:2      | HP: 1/30 [orc priest/divine providence (13)]
  1311 | D:2      | Slain by an orc priest

Illustrated notes

Levels and vault maps discovered:
D:1:      nicolae_arrival_somewhat_less_tricky_arrival, layout_basic,
          serial_bayou, serial_bayou_lake_a, serial_bayou_pond_e,
          serial_bayou_lagoon_a, serial_bayou_shore_b
D:2:      cheibrodos_pilgrimage, layout_basic, serial_shops, shop, shop

Action                     || total
---------------------------++-------
  Melee: War axe           ||   117
 Armour: Scale mail        ||    57
  Dodge: Dodged            ||    54
  Block: Buckler           ||    33

Table legend: (Time is in decaauts)
 A = Elapsed time spent in this place.
 B = Non-inter-level travel time spent in this place.
 C = Inter-level travel time spent in this place.
 D = Time resting spent in this place.
 E = Time spent auto-exploring this place.
 F = Levels seen in this place.
 G = Mean time per level.
                   A        B        C        D        E       F      G
               +--------+--------+--------+--------+--------+-----+--------+
         Total |   1394 |   1350 |     44 |      4 |    971 |   2 |  697.0 |
       Dungeon |   1394 |   1350 |     44 |      4 |    971 |   2 |  697.0 |
               +--------+--------+--------+--------+--------+-----+--------+

Top non-repeatable levels by time:
     D:1: 811 daAuts
     D:2: 582 daAuts
